 Dungeon Crawl Stone Soup version 0.30-a0-354-g6b83867211 (webtiles) character file.

Game seed: 11303771236671355845

406 Lanoc the Reanimator (level 6, 0/32 HPs)
             Began as a Deep Elf Necromancer on Nov 7, 2022.
             Slain by a gnoll
             ... wielding a +0 spear
              (7 damage)
             ... on level 4 of the Dungeon.
             The game lasted 00:04:34 (3450 turns).

Lanoc the Reanimator (Deep Elf Necromancer)         Turns: 3450, Time: 00:04:35

Health: 0/32       AC:  2    Str:  5    XL:     6   Next: 56%
Magic:  3/12       EV: 12    Int: 28    God:
Gold:   136        SH:  0    Dex: 15    Spells: 3/11 levels left

rFire   . . .      SeeInvis .    k - +0 dagger (venom)
rCold   . . .      Faith    .    (no shield)
rNeg    . . .      Spirit   .    a - +0 robe
rPois   .          Reflect  .    (no helmet)
rElec   .          Harm     .    (no cloak)
rCorr   .          Rampage  .    (no gloves)
Will    .....                    (no boots)
Stlth   ++........               (no amulet)
HPRegen 0.25/turn                n - +6 ring of intelligence
MPRegen 0.13/turn                (no ring)

@: no status effects
A: no striking features
a: no special abilities


You were on level 4 of the Dungeon.
You visited 1 branch of the dungeon, and saw 4 of its levels.

You collected 136 gold pieces.

Inventory:

Hand Weapons
 k - a +0 dagger of venom (weapon)
Armour
 a - a +0 robe (worn)
Jewellery
 n - a +6 ring of intelligence (left hand)
Scrolls
 c - a scroll of summoning {unknown}
 d - a scroll of magic mapping {unknown}
 e - 7 scrolls of identify {unknown}
 f - a scroll of immolation {unknown}
 g - 3 scrolls of teleportation {unknown}
 h - 2 scrolls of amnesia {unknown}
 j - a scroll of poison {unknown}
 l - a scroll of butterflies {unknown}
 o - a scroll of vulnerability {unknown}
Potions
 b - a potion of magic
 i - 3 potions of degeneration
 m - a potion of heal wounds


   Skills:
 - Level 2.4 Dodging
 - Level 2.4 Stealth
 - Level 3.0 Spellcasting
 * Level 9.6 Necromancy


You had 3 spell levels left.
You knew the following spells:

 Your Spells              Type           Power      Damage    Failure   Level
a - Necrotise             Necr           100%       1d9       1%          1
b - Vampiric Draining     Necr           55%        2d9       1%          3
c - Animate Dead          Necr           55%        N/A       1%          4

Your spell library contained the following spells:

 Spells                   Type           Power      Damage    Failure   Level
 Agony                    Necr           55%        N/A       4%          5


Dungeon Overview and Level Annotations

Branches:
Dungeon (4/15)
 Temple: D:4-7

Altars:


Message History

The goblin barely misses you.
Casting: Necrotise (safe; 1% risk of failure)
Confirm with . or Enter, or press ? or * to list all spells.
Aiming: Necrotise (safe; 1% risk of failure)
Press: ? - help, Shift-Dir - straight line, f/p - gnoll
Aim: a gnoll, wielding a +0 halberd (heavily wounded, chance to affect: 88%)
The gnoll writhes in agony!
You kill the gnoll!
The dead are walking!
The goblin misses you.
You feel your intelligence returning.
Casting: Necrotise (safe; 1% risk of failure)
Confirm with . or Enter, or press ? or * to list all spells.
Aiming: Necrotise (safe; 1% risk of failure)
Press: ? - help, Shift-Dir - straight line, f - goblin
Aim: a goblin, wielding a +0 club (heavily wounded, chance to affect: 93%)
The goblin writhes in agony!
You kill the goblin!
The dead are walking!
The gnoll hits you with a +0 whip.
Casting: Necrotise (safe; 1% risk of failure)
Confirm with . or Enter, or press ? or * to list all spells.
Aiming: Necrotise (safe; 1% risk of failure)
Press: ? - help, Shift-Dir - straight line, f - gnoll
Aim: a gnoll, wielding a +0 whip (ally target, chance to affect: 88%)
The gnoll writhes in agony.
A nearby plant withers and dies.
The gnoll hits you from afar with a +0 spear!
The gnoll hits you with a +0 whip.
The gnoll hits you from afar with a +0 spear!
* * * LOW HITPOINT WARNING * * *
Casting: Necrotise (safe; 1% risk of failure)
Confirm with . or Enter, or press ? or * to list all spells.
Aiming: Vampiric Draining (safe; 1% risk of failure)
Press: ? - help, Shift-Dir - straight line, f/p - gnoll
Aim: a gnoll, wielding a +0 whip (moderately wounded, ally target)
You draw life force from the gnoll!
You kill the gnoll!
You feel life coursing into your body.
Your gnoll skeleton hits the gnoll.
The gnoll hits you from afar with a +0 spear.
* * * LOW HITPOINT WARNING * * *
The gnoll hits you from afar with a +0 spear!
You die...

##### ## #########....
###.### .............#
#.....#
.##'#######...##.....#
.#..).....#.#.#......#
.#........#..........#
.#........#....Z@....#
.#........#..##))....##
.#........#..##.gg).....
.#........#..#..#Z......
.#........#.##.#..P.PP..
.#........#....#.P..P.PP
.#######'##..###g..P...P
.............# .......P
#.......###### .P.P..P


You could see 2 gnolls, a friendly goblin skeleton and a friendly gnoll
skeleton.

Vanquished Creatures
  Sigmund (D:3)
  A bullfrog (D:4)
  An iguana (D:4)
  4 adders
  5 gnolls
  A dart slug (D:3)
  5 orcs (D:3)
  4 endoplasms
  4 giant cockroaches
  11 goblins
  4 hobgoblins
  7 jackals
  2 quokkas (D:2)
  12 ball pythons
  2 bats (D:1)
  4 frilled lizards
  2 kobolds
  5 rats
75 creatures vanquished.

Vanquished Creatures (collateral kills)
  A worm (D:4)
1 creature vanquished.

Vanquished Creatures (others)
  3 plants (D:4)
3 creatures vanquished.

Grand Total: 79 creatures vanquished

Notes
Turn   | Place    | Note
-------+----------+-------------------------------------------
     0 | D:1      | Lanoc the Deep Elf Necromancer began the quest for the Orb.
     0 | D:1      | Reached XP level 1. HP: 10/10 MP: 6/6
    44 | D:1      | Reached skill level 5 in Necromancy
   381 | D:1      | Reached XP level 2. HP: 15/15 MP: 6/8
   681 | D:1      | You fall into a shaft and drop 1 floor!
   842 | D:1      | Found a faded altar of an unknown god.
  1064 | D:2      | Reached skill level 6 in Necromancy
  1064 | D:2      | Reached XP level 3. HP: 15/19 MP: 5/9
  1260 | D:2      | Reached XP level 4. HP: 24/24 MP: 3/10
  1951 | D:3      | Reached skill level 7 in Necromancy
  2128 | D:3      | Noticed Sigmund
  2148 | D:3      | Killed Sigmund
  2149 | D:3      | Reached skill level 8 in Necromancy
  2149 | D:3      | Reached XP level 5. HP: 9/28 MP: 1/11
  2326 | D:3      | Reached XP level 6. HP: 32/32 MP: 8/12
  2940 | D:3      | Learned a level 3 spell: Vampiric Draining
  2945 | D:3      | Learned a level 4 spell: Animate Dead
  2973 | D:3      | Reached skill level 9 in Necromancy
  3450 | D:4      | Slain by a gnoll

Illustrated notes

Levels and vault maps discovered:
D:1:      co_arrival_square_in_a_square_in_a_square, layout_basic,
          ebering_ecumenical_altar_petrified
D:2:      layout_loops_cross
D:3:      layout_basic, uniq_sigmund
D:4:      layout_cave_pods, gammafunk_temple_overflow_elements,
          nicolae_concentric_dashed_squares_wild, minivault_25,
          grunt_ministairs_8, minmay_misc_feat_tower, nicolae_grassy_gnolls

Skill      XL: |  1  2  3  4  5  6 |
---------------+-------------------+-----
Necromancy     | 5 6 8 9 |  9.6
Dodging        | |  2.4
Stealth        | |  2.4
Spellcasting   | |  3.0

Action                   |  1- 3 |  4- 6 || total
-------------------------+-------+-------++-------
Melee: Dagger            |       |     1 ||     1
 Cast: Necrotise         |    47 |    86 ||   133
       Vampiric Draining |       |     1 ||     1
  Use: Potion            |       |     3 ||     3
Armor: Robe              |     2 |     3 ||     5
Dodge: Dodged            |     1 |    12 ||    13

Table legend: (Time is in decaauts)
 A = Elapsed time spent in this place.
 B = Non-inter-level travel time spent in this place.
 C = Inter-level travel time spent in this place.
 D = Time resting spent in this place.
 E = Time spent auto-exploring this place.
 F = Levels seen in this place.
 G = Mean time per level.
                   A        B        C        D        E       F      G
               +--------+--------+--------+--------+--------+-----+--------+
         Total |   3448 |   3276 |    172 |      0 |   2894 |   4 |  862.0 |
       Dungeon |   3448 |   3276 |    172 |      0 |   2894 |   4 |  862.0 |
               +--------+--------+--------+--------+--------+-----+--------+

Top non-repeatable levels by time:
     D:3: 1396 daAuts
     D:1: 1010 daAuts
     D:2: 913 daAuts
     D:4: 128 daAuts
